Map: Goldenaura LE

Players

A.I. 1 (Very Easy)

  • Race: Zerg Zerg
  • Spawn Location: 12:00

Harstem - Winner!

  • Race: Protoss Protoss
  • League: Grandmaster
  • Spawn Location: 5:00

VOD

https://www.youtube.com/watch?v=cnWR4Ka64J4&t=1358s

Description

Time

  • Played on: Dec. 5, 2023, 8:46 a.m.
  • Length: 5:58
Show
View Real Time Build Order
Export as new Build Order

A.I. 1 (Very Easy) Zerg 

Build Orders: Pool Only 

Get SALT Encoding   

  12  0:01  Drone  
  13  0:12  Overlord  
  13  0:17  Drone  
  14  0:35  Spawning Pool  
  13  0:37  Extractor  
  13  0:39  Drone  
  13  0:47  Drone  
  14  0:53  Overlord  
  14  1:22  Zergling x2  
  14  1:25  Queen  
  17  1:35  Roach Warren  
  17  1:36  Extractor  
  17  1:39  Drone  
  16  1:40  Zergling x2  
  18  1:47  Drone  
  18  1:59  Zergling x2  
  18  2:01  Drone  
  20  2:11  Drone  
  21  2:22  Drone  
  22  2:31  Drone  
  22  2:34  Overlord  
  23  2:38  Drone  
  24  2:46  Drone  
  25  5:14  Zergling x2  
  25  5:19  Queen  
  23  5:22  Overlord  
  21  5:30  Drone  
  17  5:37  Drone  
  17  5:40  Zergling x2  
  5  5:44  Drone  
Show
View Real Time Build Order
Export as new Build Order

Harstem Protoss - Winner!

Build Orders: 1 Gate Expand, Blink Stalkers 

Get SALT Encoding   

  12  0:00  Probe  
  13  0:12  Probe  
  14  0:17  Pylon  
  14  0:24  Probe  
  15  0:35  Gateway  
  15  0:37  Probe (Chrono Boost)  
  16  0:47  Assimilator, Probe (Chrono Boost)  
  17  0:52  Probe (Chrono Boost)  
  18  1:04  Probe  
  19  1:16  Probe  
  20  1:24  Cybernetics Core  
  20  1:32  Nexus  
  20  1:36  Probe  
  21  1:43  Pylon  
  21  1:48  Probe  
  21  1:52  Assimilator  
  22  1:58  Adept (Chrono Boost)  
  22  2:00  Probe  
  25  2:04  Warp Gate  
  25  2:12  Probe  
  26  2:19  Adept (Chrono Boost)  
  28  2:24  Probe  
  29  2:34  Twilight Council  
  29  2:36  Probe  
  30  2:44  Gateway, Probe  
  30  2:48  Probe  
  32  2:56  Probe  
  33  3:01  Probe  
  33  3:02  Blink (Chrono Boost)  
  34  3:08  Probe  
  35  3:13  Probe  
  35  3:15  Robotics Facility  
  35  3:19  Gateway  
  36  3:21  Probe  
  36  3:25  Probe  
  38  3:30  Pylon  
  38  3:33  Probe  
  39  3:37  Probe  
  40  3:45  Probe  
  40  3:46  Pylon  
  41  3:49  Probe  
  41  3:52  Stalker x2  
  46  4:00  Warp Prism (Chrono Boost), Pylon  
  48  4:15  Stalker x2  
  48  4:16  Stalker  
  54  4:19  Pylon  
  54  4:38  Stalker x2  
  54  4:39  Stalker  
  60  4:49  Nexus  
  60  4:56  Probe  
  60  4:57  Probe  
  62  5:01  Assimilator  
  62  5:02  Stalker x3  
  62  5:07  Pylon  
  68  5:08  Probe  
  69  5:15  Probe  
  69  5:21  Probe  
  71  5:26  Stalker x3  
  71  5:27  Probe  
  78  5:32  Forge  
  78  5:33  Probe  
  79  5:39  Gateway, Probe  
  80  5:45  Probe  
  81  5:55  Pylon  
Tags
 
Add a new tag
Caveats
  • Supply blocks, unpowered buildings, or Contaminate may cause inaccurate times.
  • Supply counts are checked every 10 seconds.